 Dungeon Crawl Stone Soup version 0.30-a0-373-gd37427bb62 (webtiles) character file.

Game seed: 17350511732732367869

3012 Lobster4 the Conjurer (level 10, 0/74 HPs)
             Began as a Human Conjurer on Nov 24, 2022.
             Was an Initiate of Vehumet.
             Slain by an unseen horror simulacrum (12 damage)
             ... on level 8 of the Dungeon.
             The game lasted 00:22:54 (9148 turns).

Lobster4 the Conjurer (Human Conjurer)              Turns: 9148, Time: 00:22:54

Health: 0/74       AC:  9    Str:  7    XL:     10   Next: 10%
Magic:  9/17       EV: 12    Int: 23    God:    Vehumet [......]
Gold:   500        SH:  5    Dex: 12    Spells: 13/19 levels left

rFire   . . .      SeeInvis .    s - staff of conjuration
rCold   . . .      Faith    .    A - +0 buckler
rNeg    + . .      Spirit   .    l - +2 robe {Will+}
rPois   +          Reflect  .    K - +1 hat
rElec   .          Harm     .    N - +2 cloak
rCorr   .          Rampage  .    (no gloves)
Will    +....                    J - +0 pair of boots
Stlth   ++........               (no amulet)
HPRegen 0.32/turn                f - ring of positive energy
MPRegen 0.15/turn                k - ring of poison resistance

@: about to teleport
A: no striking features
a: Renounce Religion


You were on level 8 of the Dungeon.
You worshipped Vehumet.
Vehumet was noncommittal.
You visited 2 branches of the dungeon, and saw 9 of its levels.

You collected 554 gold pieces.
You spent 54 gold pieces at shops.

Inventory:

Hand Weapons
 g - a +0 mace
 E - a +2 whip of freezing
Missiles
 d - 2 curare-tipped darts
 p - 18 poisoned darts (quivered)
 u - 6 atropa-tipped darts
 C - 6 javelins
 I - 5 boomerangs
Armour
 l - a +2 robe of willpower (worn)
 A - a +0 buckler (worn)
 G - a +2 leather armour of positive energy
 J - a +0 pair of boots (worn)
 K - a +1 hat (worn)
 N - a +2 cloak (worn)
Magical Staves
 s - a staff of conjuration (weapon)
Jewellery
 a - an amulet of the acrobat
 f - a ring of positive energy (left hand)
 k - a ring of poison resistance (right hand)
Wands
 o - a wand of acid (7)
 x - a wand of flame (16)
 F - a wand of mindburst (15)
 H - a wand of iceblast (7)
Scrolls
 e - a scroll of teleportation
 j - 2 scrolls of magic mapping
 n - a scroll of immolation {unknown}
 q - a scroll of blinking {unknown}
 w - a scroll of enchant weapon {unknown}
 z - a scroll of enchant armour {unknown}
 D - a scroll of noise {unknown}
 L - a scroll of amnesia {unknown}
 M - a scroll of silence {unknown}
Potions
 b - a potion of magic
 h - 6 potions of curing
 i - a potion of might
 m - 4 potions of lignification {unknown}
 t - a potion of cancellation
 v - a potion of invisibility
 B - a potion of flight


   Skills:
 + Level 5.3 Fighting
 + Level 3.2 Staves
 - Level 1.0 Throwing
 + Level 4.4 Armour
 - Level 3.0 Dodging
 - Level 2.0 Stealth
 + Level 4.4 Shields
 + Level 5.1 Spellcasting
 + Level 6.6 Conjurations
 - Level 3.0 Hexes
 + Level 4.0 Evocations


You had 13 spell levels left.
You knew the following spells:

 Your Spells              Type           Power      Damage    Failure   Level
a - Magic Dart            Conj           100%       1d8       1%          1
b - Searing Ray           Conj           100%       2d8       1%          2
c - Dazzling Flash        Conj/Hex       84%        N/A       4%          3

Your spell library contained the following spells:

 Spells                   Type           Power      Damage    Failure   Level
 Slow                     Hex            76%        N/A       3%          1
 Static Discharge         Conj/Air       62%        2-5/arc   4%          2
 Confusing Touch          Hex            19%        N/A       11%         3
 Summon Small Mammal      Summ           20%        N/A       12%         1
 Fulminant Prism          Conj/Hex       21%        3d12      16%         4
 Call Imp                 Summ           5%         N/A       19%         2
 Inner Flame              Hex/Fire       12%        N/A       19%         3
 Iskenderun's Mystic Bla  Conj/Tloc      31%        2d8       30%         4
 Ignite Poison            Fire/Tmut/Pois 5%         N/A       34%         3
 Kindle Blastsparks       Fire/Tloc/Air  10%        2d10      34%         3
 Vampiric Draining        Necr           5%         2d6       34%         3
 Vhi's Electric Charge    Tloc/Air       10%        N/A       34%         3
 Cause Fear               Hex            9%         N/A       34%         4
 Arcjolt                  Conj/Air       15%        1d25      63%         5
 Lightning Bolt           Conj/Air       15%        1d29      63%         5
 Freezing Cloud           Conj/Ice/Air   12%        6-21      78%         5
 Summon Forest            Summ/Tloc      2%         N/A       97%         5
 Eringya's Noxious Bog    Tmut/Pois      2%         N/A       100%        6
 Summon Cactus Giant      Summ           2%         N/A       100%        6
 Malign Gateway           Summ/Tloc      2%         N/A       100%        7
 Summon Hydra             Summ           2%         N/A       100%        7
 Discord                  Hex            9%         N/A       100%        8


Dungeon Overview and Level Annotations

Branches:
Dungeon (8/15)             Temple (1/1) D:4
   Lair: D:8-11

Altars:
Ashenzari
Cheibriados
Dithmenos
Elyvilon
Fedhas
Gozag
Kikubaaqudgha
Makhleb
Nemelex Xobeh
Okawaru
Ru
Sif Muna
Trog
Uskayaw
Vehumet
Yredelemnul
The Shining One

Shops:
D:1 [

Annotations:
D:2 Sigmund
D:6 2 runed translucent doors, ryw's ghost, novice DsFi
D:8 Gastronok


Message History

(Press . to maintain the ray.)
The unseen horror simulacrum hits you!
* * * LOW HITPOINT WARNING * * *
The unseen horror simulacrum freezes you!
* * * LOW HITPOINT WARNING * * *
The unseen horror simulacrum hits you but does no damage.
The polar bear bites you.
* * * LOW HITPOINT WARNING * * *
The polar bear claws you but does no damage. x2
The unseen horror simulacrum misses you.
Okay, then.
Unknown command.
You feel much better.
The unseen horror simulacrum closely misses you.
The unseen horror simulacrum barely misses you.
The polar bear barely misses you.
The polar bear claws you but does no damage. x2
The unseen horror simulacrum barely misses you.
The polar bear misses you.
The polar bear claws you but does no damage.
The polar bear barely misses you.
As you read the scroll of teleportation, it crumbles to dust.
You feel strangely unstable. The unseen horror simulacrum hits you.
The unseen horror simulacrum freezes you!
* * * LOW HITPOINT WARNING * * *
The unseen horror simulacrum hits you but does no damage.
The polar bear barely misses you. The polar bear closely misses you.
You block the polar bear's attack.
You block the unseen horror simulacrum's attack.
Gastronok the Ponderous comes into view.
He is wearing a +0 hat of stealth.
You feel much better.
The unseen horror simulacrum hits you but does no damage.
The polar bear bites you!!
* * * LOW HITPOINT WARNING * * *
The polar bear claws you.
* * * LOW HITPOINT WARNING * * *
The polar bear closely misses you. The unseen horror simulacrum hits you.
* * * LOW HITPOINT WARNING * * *
The unseen horror simulacrum freezes you!
You die...

*#....................
**,....................
*,,#......###)..#......
#,,#........)).##...#..
*****#.,#...#......####..###
*,,,,*#.##..##..#....##..##.
*,*,,*#.....#...###........#
***,,,..#.........##..........
**,,,,,.....∩.@...###..........
**,,,,,,......hZ#.##............
*,,,,,**........................
**,,,,,,........####............
**,,,,***#.####...,,#..#.##...##.
**,,,,*~~~,~~~#...,...###*#..##*#
,,**,**~~,,,,~##..,...* *##.#*
**,,***,,,,,,~*w...,,,* *,*,,***
*,,**,,,,,,,,,,,,,,,,,** *,,,,,,,


You could see Gastronok (wandering), a polar bear (berserk) and an unseen horror
simulacrum.

Vanquished Creatures
  A two-headed ogre (D:7)
  Pikel (D:5)
  A water moccasin (D:6)
  An orc warrior (D:7)
  An ice beast (D:5)
  2 sky beasts (D:7)
  A black bear (D:4)
  A centaur (D:7)
  2 lemures (D:5)
  2 kobold brigands (D:7)
  3 bullfrogs
  A scorpion (D:5)
  3 wights (D:8)
  4 hounds
  2 jellies
  A gnoll bouda (D:5)
  An iguana (D:5)
  Natasha (thrice) (D:3)
  9 orc wizards
  4 adders
  14 gnolls
  A shadow imp (D:7)
  A white imp (D:5)
  2 dart slugs
  17 orcs
  4 bats
  10 endoplasms
  4 giant cockroaches
  9 goblins
  3 hobgoblins
  4 jackals (D:2)
  4 quokkas
  10 ball pythons
  A frilled lizard (D:3)
  10 kobolds
  3 rats
141 creatures vanquished.

Vanquished Creatures (others)
  2 withered plants (D:6)
2 creatures vanquished.

Grand Total: 143 creatures vanquished

Notes
Turn   | Place    | Note
-------+----------+-------------------------------------------
     0 | D:1      | Lobster4 the Human Conjurer began the quest for the Orb.
     0 | D:1      | Reached XP level 1. HP: 13/13 MP: 3/3
   174 | D:1      | Reached XP level 2. HP: 20/20 MP: 0/5
   495 | D:1      | Found Moetack's Armour Shoppe.
   737 | D:1      | Reached XP level 3. HP: 25/25 MP: 1/6
   740 | D:1      | Learned a level 2 spell: Searing Ray
   923 | D:2      | Reached skill level 1 in Fighting
   923 | D:2      | Reached skill level 1 in Armour
   988 | D:2      | Found the +10 Black Knight's barding {ponderous, rPois rN+}
  1163 | D:2      | Reached XP level 4. HP: 11/32 MP: 1/7
  1760 | D:2      | Noticed Sigmund
  2463 | D:3      | Found a faded altar of an unknown god.
  2497 | D:3      | Found a white marble altar of Elyvilon.
  2507 | D:3      | Noticed Natasha
  2513 | D:3      | Killed Natasha
  2514 | D:3      | Reached XP level 5. HP: 37/37 MP: 0/8
  2609 | D:3      | Found a shadowy altar of Dithmenos.
  2828 | D:3      | Noticed Natasha
  2833 | D:3      | Killed Natasha
  3092 | D:3      | Noticed Natasha
  3096 | D:3      | Killed Natasha
  3384 | D:4      | Found a sacrificial altar of Ru.
  3388 | D:4      | Reached skill level 1 in Evocations
  3389 | D:4      | Reached XP level 6. HP: 42/44 MP: 5/10
  3556 | D:4      | Reached skill level 1 in Staves
  3556 | D:4      | Reached skill level 1 in Throwing
  3685 | D:4      | Noticed a black bear
  3830 | D:4      | Found a staircase to the Ecumenical Temple.
  3837 | Temple   | Entered the Ecumenical Temple
  4603 | D:4      | Killed a black bear
  4604 | D:4      | Reached XP level 7. HP: 50/50 MP: 2/11
  4721 | D:5      | Entered Level 5 of the Dungeon
  5020 | D:5      | Found the +5 robe of Misfortune {Harm *Corrode *Slow EV+5}
  5025 | D:5      | Reached skill level 1 in Shields
  5268 | D:5      | Reached skill level 5 in Conjurations
  5272 | D:5      | Learned a level 3 spell: Dazzling Flash
  5308 | D:5      | Noticed Pikel
  5805 | D:5      | Found a burning altar of Makhleb.
  5875 | D:5      | Killed Pikel
  5876 | D:5      | Reached skill level 1 in Hexes
  5876 | D:5      | Reached XP level 8. HP: 58/58 MP: 6/13
  6358 | D:6      | Found a basalt altar of Yredelemnul.
  6773 | D:6      | Reached XP level 9. HP: 58/65 MP: 9/15
  7016 | D:6      | Got the Lessons on the Flock
  7053 | D:6      | Found a bloodstained altar of Trog.
  7075 | D:6      | Found a large runed translucent door.
  7075 | D:6      | Found a large runed translucent door.
  7077 | D:6      | Noticed ryw's ghost (novice DsFi)
  7219 | D:6      | Found an ancient bone altar of Kikubaaqudgha.
  7336 | D:6      | Found a radiant altar of Vehumet.
  7337 | D:6      | Found a shimmering blue altar of Sif Muna.
  7340 | D:6      | Became a worshipper of Vehumet
  7615 | D:7      | Found an iron altar of Okawaru.
  7873 | D:1      | Bought a +0 pair of boots for 54 gold pieces
  8094 | D:7      | Reached skill level 6 in Conjurations
  8620 | D:7      | Noticed a two-headed ogre
  8629 | D:7      | Killed a two-headed ogre
  8630 | D:7      | Reached skill level 5 in Fighting
  8742 | D:7      | Reached skill level 5 in Spellcasting
  8858 | D:7      | Found a hide-covered altar of Uskayaw.
  8864 | D:7      | Reached XP level 10. HP: 74/74 MP: 11/17
  9145 | D:8      | HP: 2/74 [polar bear (3)]
  9147 | D:8      | Noticed Gastronok
  9148 | D:8      | Slain by an unseen horror simulacrum

Illustrated notes

Levels and vault maps discovered:
D:1:      eino_arrival_cavern_b, layout_rooms, serial_shops, shop
D:2:      layout_basic, uniq_sigmund
D:3:      layout_basic, nicolae_elyvilon_peaceful_grove,
          grunt_dithmenos_smoke_and_mirrors,
          hellmonk_ecumenical_altar_pennies_from_heaven,
          corexii_hall_statues_deadend, uniq_natasha
D:4:      layout_layer_cave, nicolae_ru_great_annihilating_truth,
          minmay_temple_entry_statues_fountains
D:5:      layout_loops_ring, kennysheep_little_box, kennysheep_potato,
          uniq_pikel
D:6:      layout_cave_pools, mainiacjoe_overflow_tiny_flanked,
          nicolae_overflow_hidden_temple, kiku_gazebo_pond_becter,
          yredelemnul_altar_generic, minitemple, ebering_ghost_disaster_area
D:7:      layout_basic, nicolae_uskayaw_dance_studio,
          nicolae_overflow_crystal_walls
D:8:      layout_cave_pools, nzn_wu_jian_council_hall, serial_ice, serial_ice_b,
          serial_ice_o, serial_ice_e, serial_ice_a, serial_ice_m, serial_ice_d,
          hangedman_incinerator, uniq_gastronok
Temple:   hellmonk_temple_flake

Skill      XL: |  1  2  3  4  5  6  7  8  9 10 |
---------------+-------------------------------+-----
Fighting       | 1 2 3 5 |  5.3
Armour         | 1 2 3 4 |  4.4
Evocations     | 1 2 3 4 |  4.0
Staves         | 1 2 3 |  3.2
Throwing       | 1 |  1.0
Dodging        | 3 |  3.0
Spellcasting   | 3 4 5 |  5.1
Shields        | 2 4 |  4.4
Conjurations   | 5 6 |  6.6
Hexes          | 1 2 3 |  3.0
Stealth        | |  2.0

Action                   |  1- 3 |  4- 6 |  7- 9 | 10-12 || total
-------------------------+-------+-------+-------+-------++-------
Melee: Mace              |     6 |       |       |       ||     6
       Staff             |       |       |    44 |       ||    44
Throw: Dart              |       |       |     1 |       ||     1
 Cast: Magic Dart        |    44 |    69 |    63 |     2 ||   178
       Searing Ray       |     2 |    11 |    47 |     6 ||    66
       Dazzling Flash    |       |       |     2 |       ||     2
Evoke: Wand              |       |       |     3 |       ||     3
  Use: Scroll            |       |       |    10 |     2 ||    12
       Potion            |       |       |       |     2 ||     2
Armor: Leather armour    |       |     3 |       |       ||     3
       Robe              |       |       |    55 |    12 ||    67
Dodge: Dodged            |     5 |     2 |    88 |    15 ||   110
Block: Buckler           |       |       |    24 |     4 ||    28

Table legend: (Time is in decaauts)
 A = Elapsed time spent in this place.
 B = Non-inter-level travel time spent in this place.
 C = Inter-level travel time spent in this place.
 D = Time resting spent in this place.
 E = Time spent auto-exploring this place.
 F = Levels seen in this place.
 G = Mean time per level.
                   A        B        C        D        E       F      G
               +--------+--------+--------+--------+--------+-----+--------+
         Total |   9174 |   8525 |    649 |   1555 |   5809 |   9 | 1019.3 |
       Dungeon |   9024 |   8384 |    640 |   1555 |   5676 |   8 | 1128.0 |
        Temple |    149 |    140 |      9 |      0 |    133 |   1 |  149.0 |
               +--------+--------+--------+--------+--------+-----+--------+

Top non-repeatable levels by time:
     D:5: 1844 daAuts
     D:4: 1674 daAuts
     D:2: 1293 daAuts
     D:7: 1199 daAuts
     D:1: 1019 daAuts
     D:6: 946 daAuts
     D:3: 895 daAuts
     D:8: 150 daAuts
  Temple: 149 daAuts
